 Dungeon Crawl Stone Soup version 0.31-a0-1099-g7fa767f3fe (webtiles) character file.

Game seed: 13889423096852734336

1739 Gumption the Trooper (level 9, -12/65 (68) HPs)
             Began as a Djinni Fire Elementalist on Dec 1, 2023.
             Was a Priest of Ru.
             Mangled by a wight
             ... wielding a +3 scimitar
              (16 damage)
             ... on level 7 of the Dungeon.
             The game lasted 00:49:14 (5964 turns).

Gumption the Trooper (Djinni Fire Elementalist)     Turns: 5964, Time: 00:49:14

HP:   -12/65 (68)   AC:  3    Str:  7    XL:     9   Next: 26%
Gold: 130           EV: 14    Int: 22    God:    Ru [***...] SH:  0 Dex: 13

rFire   + . .        a - +3 short sword (spect)
rCold   x x .        (no shield)
rNeg    . . .        s - +0 robe
rPois   ∞            e - +0 helmet
rElec   .            (no cloak)
rCorr   .            (no gloves)
SInv    +            (boots unavailable)
Will    +....        (no amulet)
Stlth   ++           l - ring of willpower
HPRegen 0.30/turn    t - ring of see invisible
MPRegen 0.00/turn

%: infuse magic (-13 HP)
@: exhausted, flying, lightly drained
A: sickness immunity, fire resistance 2, cold vulnerability 1, hated by all,
temperature sensitive, float, innate caster, HP casting, extra vitality 1
a: Renounce Religion, Draw Out Power


You were on level 7 of the Dungeon.
You worshipped Ru.
Ru was most pleased with you.
You visited 1 branch of the dungeon, and saw 7 of its levels.

You collected 297 gold pieces.
You spent 167 gold pieces at shops.

Inventory:

Hand Weapons
 a - a +3 spectral short sword (weapon)
Missiles
 g - 9 poisoned darts
Armour
 e - a +0 helmet (worn)
 s - a +0 robe (worn)
Magical Staves
 o - a staff of death
Jewellery
 l - a ring of willpower (left hand)
 t - a ring of see invisible (right hand)
Wands
 b - a wand of quicksilver (12)
 d - a wand of digging (5)
 y - a wand of mindburst (18)
Scrolls
 h - 2 scrolls of teleportation
 i - 3 scrolls of vulnerability
 j - a scroll of enchant armour {unknown}
 m - 2 scrolls of fog
Potions
 c - 2 potions of mutation
 f - 2 potions of heal wounds
 k - 4 potions of curing
 n - 2 potions of attraction
 r - 2 potions of brilliance
 w - a potion of might {unknown}
 x - a potion of ambrosia {unknown}


   Skills:
 * Level 7.0 Fighting
 + Level 5.9 Dodging
 - Level 1.5 Stealth
 * Level 6.1 Spellcasting
 * Level 6.1 Conjurations
 * Level 6.1 Hexes
   Level 0.0 Charms
   Level 0.0 Summonings
 * Level 6.1 Necromancy
 * Level 6.1 Translocations
 * Level 6.1 Transmutations
 * Level 6.1 Fire Magic
 * Level 6.1 Ice Magic
 * Level 6.1 Air Magic
 * Level 6.1 Earth Magic
 * Level 6.1 Poison Magic


You knew the following spells:

 Your Spells              Type           Power      Damage    Failure   Level
a - Foxfire               Conj/Fire      100%       2x1d9     1%          1
b - Scorch                Fire           66%        2d7       1%          2
c - Volatile Blastmotes   Fire/Tloc      66%        2d15      2%          3
d - Inner Flame           Hex/Fire       33%        N/A       2%          3
e - Flame Wave            Conj/Fire      33%        2d10      8%          4
f - Sting                 Tmut/Pois      100%       1d8       1%          1
g - Call Imp              Summ           12%        N/A       14%         2
h - Lesser Beckoning      Tloc           66%        N/A       1%          2
i - Sticky Flame          Conj/Fire      33%        2d5       8%          4
Your spell library was empty.

Dungeon Overview and Level Annotations

Branches:
Dungeon (7/15)             Temple (0/1) D:6

Altars:
Dithmenos
Nemelex Xobeh
Ru
Wu Jian
Zin

Shops:
D:2 *   D:6 =?

Annotations:
D:4 Dowan, Duvessa


Innate Abilities, Weirdness & Mutations

You are immune to sickness and miasma.
You are immune to poison.
Your flesh is very heat resistant. (rF++)
You are vulnerable to cold. (rC-)
You are hated by all.
You are sensitive to extremes of temperature. (rF-, rC-)
You float through the air rather than walking.
You learn spells naturally, not from books.
Your magical power is your life essence.
You have superior vitality. (+4 MHP)


Message History

As you read the scroll of fog, it dissolves into smoke.
The foxfire hits the orc warrior but does no damage.
The orc warrior is heavily wounded.
The foxfire hits the orc warrior but does no damage.
The orc warrior is heavily wounded.
The orc wizard mumbles some strange words.
The orc wizard flickers and vanishes for a moment.
The orc warrior misses you. The wight attacks as it pursues you!
The wight barely misses you. The wight attacks as it pursues you!
The wight completely misses you. The wight attacks as it pursues you!
The wight is stunned by your conviction and fails to attack.
The wight attacks as it pursues you! The wight barely misses you.
Found a robe.
The wight attacks as it pursues you! The wight hits you with a +3 scimitar!
* * * LOW HITPOINT WARNING * * *
The wight attacks as it pursues you! The wight closely misses you.
You are restored by drawing out deep reserves of power within.
You feel drained. The wight barely misses you.
Casting: Foxfire (safe; 1% risk of failure)
Confirm with . or Enter, or press ? or * to list all spells.
Flames lash the wight.
The wight is moderately damaged.
The wight's fire resistance burns away.
* * * LOW HITPOINT WARNING * * *
The wight barely misses you.
You are too injured to fight recklessly!
Casting: Foxfire (safe; 1% risk of failure)
Press: ? - help, Q - select action, (/) - cycle Dir - look around, f - activate You conjure some foxfire!
* * * LOW HITPOINT WARNING * * *
The orc warrior hits you from afar with a +0 glaive!
* * * LOW HITPOINT WARNING * * *
The wight hits you with a +3 scimitar!
* * * LOW HITPOINT WARNING * * *
Your foxfire dissipates!
The foxfire hits the wight but does no damage.
The wight is moderately damaged.
The wight attacks as it pursues you! The wight hits you with a +3 scimitar!
You die...

#o§§..####.#..#
#§z§§.........#
#o§§....o.....#
#§§...###../..#
#.#######.....#
#....o........##.#
#########.o#..##.#
.......z.#..##.#
.....#.@.#..##.#
.... #...#..##.#
...
#...#..##.#####♣
.[
#...#..##.##...♣ .
#...#..........♣
#...#..#####..#♣
#...#..##.....#
#.#....##.....#
#.#.#.##...>..#


You could see an orc warrior, a wight (combustible) and an orc.

Vanquished Creatures
  Grinder (D:3)
  A water moccasin (D:5)
  3 ice beasts
  An ogre (D:4)
  A centaur (D:6)
  2 bullfrogs
  2 scorpions
  A howler monkey (D:5)
  2 jellies
  4 orc priests
  2 hounds
  4 iguanas
  A sleepcap (D:5)
  6 orc wizards
  7 adders
  4 ufetubi
  2 worms
  3 dart slugs
  11 orcs
  3 bats
  12 endoplasms
  6 giant cockroaches
  7 hobgoblins
  3 jackals (D:4)
  4 quokkas
  6 ball pythons
  A frilled lizard (D:3)
  6 goblins
  8 kobolds
  5 rats
119 creatures vanquished.

Vanquished Creatures (others)
  461 foxfires
461 creatures vanquished.

Grand Total: 580 creatures vanquished

Notes
Turn   | Place    | Note
-------+----------+-------------------------------------------
     0 | D:1      | Gumption the Djinni Fire Elementalist began the quest for
                  | the Orb.
     0 | D:1      | Gumption set off with the following spells memorised:
                  | Foxfire, Scorch, Volatile Blastmotes, Inner Flame, Flame
                  | Wave.
     0 | D:1      | Reached XP level 1. HP: 15/15 MP: 0/0
   397 | D:1      | Reached XP level 2. HP: 18/21 MP: 0/0
  1042 | D:2      | Reached XP level 3. HP: 23/25 MP: 0/0
  1042 | D:2      | Learned a level 1 spell: Sting
  1050 | D:2      | Found Jeseceb's General Store.
  1064 | D:2      | Bought a scroll of identify for 22 gold pieces
  1064 | D:2      | Bought a potion of curing for 33 gold pieces
  1132 | D:2      | Reached skill level 1 in Fighting
  1168 | D:2      | Found a glowing silver altar of Zin.
  1519 | D:2      | Reached XP level 4. HP: 30/32 MP: 0/0
  2325 | D:3      | Noticed Grinder
  2334 | D:3      | Killed Grinder
  2335 | D:3      | Reached skill level 3 in Fighting
  2335 | D:3      | Reached XP level 5. HP: 31/40 MP: 0/0
  2335 | D:3      | Learned a level 2 spell: Call Imp
  2335 | D:3      | Reached XP level 6. HP: 36/46 MP: 0/0
  2422 | D:3      | Noticed an ice beast
  2432 | D:3      | Killed an ice beast
  2433 | D:3      | Reached XP level 7. HP: 47/51 MP: 0/0
  2433 | D:3      | Learned a level 2 spell: Lesser Beckoning
  2472 | D:3      | Found an ornate altar of the Wu Jian Council.
  2475 | D:3      | Found a sacrificial altar of Ru.
  2475 | D:3      | Found a sparkling altar of Nemelex Xobeh.
  2476 | D:3      | Found a shadowy altar of Dithmenos.
  2490 | D:3      | Became a worshipper of Ru the Awakened
  2523 | D:3      | You are sucked into a shaft and drop 1 floor!
  2739 | D:4      | Reached skill level 4 in Fighting
  3323 | D:4      | Noticed Dowan
  3518 | D:4      | Noticed Duvessa
  3799 | D:5      | Entered Level 5 of the Dungeon
  3913 | D:5      | Reached XP level 8. HP: 36/58 MP: 0/0
  4024 | D:5      | Gained mutation: You are sensitive to extremes of
                  | temperature. (rF-, rC-) [Ru sacrifice]
  4024 | D:5      | Reached * piety under Ru
  4024 | D:5      | Reached ** piety under Ru
  4080 | D:5      | Reached skill level 5 in Fighting
  4080 | D:5      | Reached skill level 5 in Spellcasting
  4080 | D:5      | Reached skill level 5 in Conjurations
  4080 | D:5      | Reached skill level 5 in Hexes
  4080 | D:5      | Reached skill level 5 in Summonings
  4080 | D:5      | Reached skill level 5 in Necromancy
  4080 | D:5      | Reached skill level 5 in Translocations
  4080 | D:5      | Reached skill level 5 in Transmutations
  4080 | D:5      | Reached skill level 5 in Fire Magic
  4080 | D:5      | Reached skill level 5 in Ice Magic
  4080 | D:5      | Reached skill level 5 in Air Magic
  4080 | D:5      | Reached skill level 5 in Earth Magic
  4080 | D:5      | Reached skill level 5 in Poison Magic
  4459 | D:5      | Reached skill level 5 in Dodging
  4597 | D:5      | Reached skill level 6 in Fighting
  5001 | D:6      | Found a staircase to the Ecumenical Temple.
  5009 | D:6      | Found Weugyawk's Magic Scroll Shop.
  5018 | D:6      | Bought a scroll of teleportation for 42 gold pieces
  5018 | D:6      | Bought a scroll of teleportation for 42 gold pieces
  5018 | D:6      | Bought a scroll of identify for 28 gold pieces
  5106 | D:6      | Found Xooh's Jewellery Emporium.
  5139 | D:6      | Reached XP level 9. HP: 62/67 MP: 0/0
  5139 | D:6      | Learned a level 4 spell: Sticky Flame
  5845 | D:7      | Reached skill level 7 in Fighting
  5848 | D:7      | Gained mutation: You are hated by all. [Ru sacrifice]
  5848 | D:7      | Reached *** piety under Ru
  5964 | D:7      | Mangled by a wight

Illustrated notes

Levels and vault maps discovered:
D:1:      doesnt_arrival_eight_statues, layout_basic, kennysheep_nondescript,
          dreamdust_mushroom_princess
D:2:      kb_forest_paths, layout_basic, basic_altar, serial_shops,
          nicolae_diamond_shop
D:3:      layout_loops_ring, chequers_temple_overflow_statue_of_worship,
          minmay_misc_feat_diagonals, chequers_serial_rivers_small_b,
          uniq_grinder
D:4:      layout_gridville, wad_floor_pattern_untrapped, minmay_unequal,
          uniq_duvessa
D:5:      layout_gridville
D:6:      layout_gridville, minmay_temple_entry_tees, serial_shops,
          nicolae_shop_gaudy_bauble, shop
D:7:      layout_basic, mainiacjoe_overflow_paths, lemuel_flamethrower_1,
          uniq_joseph

Skill      XL: |  1  2  3  4  5  6  7  8  9 |
---------------+----------------------------+-----
Spellcasting   | 4 5 6 |  6.1
Conjurations   | 4 5 6 |  6.1
Hexes          | 4 5 6 |  6.1
Summonings     | 4 5 0 |  0.0
Necromancy     | 4 5 6 |  6.1
Translocations | 4 5 6 |  6.1
Transmutations | 4 5 6 |  6.1
Fire Magic     | 4 5 6 |  6.1
Ice Magic      | 4 5 6 |  6.1
Air Magic      | 4 5 6 |  6.1
Earth Magic    | 4 5 6 |  6.1
Poison Magic   | 4 5 6 |  6.1
Fighting       | 1 3 4 6 7 |  7.0
Dodging        | 3 4 5 |  5.9
Stealth        | |  1.5

Action                     |  1- 3 |  4- 6 |  7- 9 || total
---------------------------+-------+-------+-------++-------
  Melee: Rapier            |     8 |       |       ||     8
         Hand axe          |       |     9 |       ||     9
         Short sword       |       |     1 |     8 ||     9
   Cast: Foxfire           |    54 |    31 |   187 ||   272
         Scorch            |       |     2 |    15 ||    17
         Call Imp          |       |     1 |       ||     1
         Volatile Blastmot |       |       |     1 ||     1
 Invoke: Sacrifice Resista |       |       |     1 ||     1
         Draw Out Power    |       |       |     1 ||     1
         Sacrifice Love    |       |       |     1 ||     1
    Use: Scroll            |     2 |     1 |    13 ||    16
 Armour: Robe              |     4 |    15 |    20 ||    39
  Dodge: Dodged            |    11 |    23 |    28 ||    62

Table legend: (Time is in decaauts)
 A = Elapsed time spent in this place.
 B = Non-inter-level travel time spent in this place.
 C = Inter-level travel time spent in this place.
 D = Time resting spent in this place.
 E = Time spent auto-exploring this place.
 F = Levels seen in this place.
 G = Mean time per level.
                   A        B        C        D        E       F      G
               +--------+--------+--------+--------+--------+-----+--------+
         Total |   5963 |   5834 |    129 |    719 |   2941 |   7 |  851.9 |
       Dungeon |   5963 |   5834 |    129 |    719 |   2941 |   7 |  851.9 |
               +--------+--------+--------+--------+--------+-----+--------+

Top non-repeatable levels by time:
     D:2: 1101 daAuts
     D:5: 1078 daAuts
     D:1: 1037 daAuts
     D:6: 914 daAuts
     D:4: 847 daAuts
     D:3: 841 daAuts
     D:7: 140 daAuts
